 Dungeon Crawl Stone Soup version 0.17-a0-1637-g5d65775 (webtiles) character file.

36 Gorice the Scratcher (level 3, -2/16 HPs)
             Began as a Felid Wanderer on Aug 7, 2015.
             Slain by an adder (4 damage)
             ... on level 2 of the Dungeon.
             The game lasted 00:03:50 (734 turns).

Gorice the Scratcher (Felid Wanderer)                Turns: 734, Time: 00:03:50

Health: -2/16      AC:  1    Str:  9    XL:     3   Next: 19%
Magic:  7/7        EV: 15    Int: 13    God:
Gold:   37         SH:  0    Dex: 15    Spells: 0 memorised, 6 levels left
                                        Lives:  0   Deaths: 0

rFire  . . .     SeeInvis +       - Unarmed
rCold  . . .     Clarity  .     (armour unavailable)
rNeg   . . .     SustAt   .     (shield unavailable)
rPois  .         Gourm    .     (helmet unavailable)
rElec  .         Spirit   .     (cloak unavailable)
rCorr  .         Warding  .     (gloves unavailable)
rMut   .         Stasis   .     (boots unavailable)
MR     .....                    (no amulet)
Stlth  ++........               (no ring)
                                (no ring)

@: lethally poisoned (-2 -> -18), quick, not resistant to hostile enchantments,
unstealthy
A: no armour, no weapons or thrown items, claws 1, fangs 3, see invisible,
carnivore 3, speed 1, shaggy fur 1, slow metabolism 1, sharp paws
a: no special abilities


You were on level 2 of the Dungeon.
You were completely stuffed.

You visited 1 branch of the dungeon, and saw 2 of its levels.

You collected 37 gold pieces.

Inventory:

Scrolls
 c - a scroll of teleportation {!r}
Potions
 a - a potion of haste {!q}
 b - a potion of lignification {!q}
 f - a potion of brilliance {!q}
 j - a potion of cancellation {unknown}
 k - a potion of might {unknown}
Comestibles
 d - 2 meat rations {!e}
 g - 2 royal jellies


   Skills:
 + Level 2.6 Fighting
 - Level 1.3 Stealth
 * Level 3.9 Unarmed Combat
 - Level 2.0 Spellcasting
   Level 1.2 Charms
   Level 1.1 Evocations


You had 6 spell levels left.
You didn't know any spells.

Dungeon Overview and Level Annotations

Branches:
Dungeon (2/15)

Altars:


Innate Abilities, Weirdness & Mutations

You cannot wear armour.
You are incapable of wielding weapons or throwing items.
You have sharp claws.
You have razor-sharp teeth.
You have supernaturally acute eyesight.
You are carnivorous and can eat meat at any time.
You cover ground quickly.
You are covered in fur (AC +1).
You have a slow metabolism.
Your sharp claws are effective at attacking unaware monsters.


Message History

Read which item? (? for menu, Esc to quit)
Okay, then.
Drink which item? (? for menu, Esc to quit)
Okay, then.
Read which item? (? for menu, Esc to quit)
As you read the scroll labeled BOKHAU DYENGO, it crumbles to dust.
It is a scroll of recharging.
You aren't carrying any rechargeable items.
Read which item? (? for menu, Esc to quit)
Okay, then.
You're too full to eat anything.
Unknown command.
Read which item? (? for menu, Esc to quit)
As you read the scroll labeled EXEIRCH WEOSKI, it crumbles to dust.
You hear a loud clanging noise!
It was a scroll of noise.
Read which item? (? for menu, Esc to quit)
As you read the scroll labeled RELOAFR JEKEI, it crumbles to dust.
It is a scroll of identify.
Identify which item? (\ to view known items) (? for menu, Esc to quit)
f - a potion of brilliance You climb downwards.
An adder and Jessica come into view.
Found 13 gold pieces and a tubular diamond ring.
There is a stone staircase leading up here.
You pounce on the unaware helpless Jessica!
You claw Jessica!
You kill Jessica!
You have reached level 3!
Your experience leads to an increase in your attributes!
Increase (S)trength, (I)ntelligence, or (D)exterity?
You feel clever.
You scratch the adder but do no damage. The adder bites you.
You are poisoned.
The adder poisons you!
Damage: 5 (max 5)
You claw the adder!
The adder is severely wounded.
You feel sick. The adder bites you.
You are lethally poisoned!
The adder poisons you! The adder bites you.
* * * LOW HITPOINT WARNING * * *
You are more poisoned.
The adder poisons you!
Damage: 8 (max 8)
You closely miss the adder.
The adder is severely wounded.
* * * LOW HITPOINT WARNING * * *
You feel sick. The adder bites you.
You die...

#. ####
#.##...
.......##
........##
.....=...#
.......S.#
.......@.#
.......<##
...#...)#
# ###..#
#$## #. #.
#. #.


You could see an adder.

Vanquished Creatures
  Jessica (D:2)
  A bat (D:1)
  A giant cockroach (D:1)
  A hobgoblin (D:1)
  4 jackals (D:1)
  A giant newt (D:1)
  A kobold (D:1)
10 creatures vanquished.

Notes
Turn   | Place    | Note
--------------------------------------------------------------
     0 | D:1      | Gorice the Felid Wanderer began the quest for the Orb.
     0 | D:1      | Gorice set off with: a potion of haste {!q}, a potion of lignification {!q}, a scroll of teleportation {!r}, a meat ration {!e}
     0 | D:1      | Reached XP level 1. HP: 9/9 MP: 4/4
   283 | D:1      | Reached XP level 2. HP: 5/13 MP: 6/6
   727 | D:2      | Noticed Jessica
   728 | D:2      | Killed Jessica
   728 | D:2      | Reached XP level 3. HP: 16/16 MP: 7/7
   733 | D:2      | HP: 3/16 [adder (5)]
   734 | D:2      | Slain by an adder

Vault maps used:
D:1:      wheals_arrival_linesprint, st_stairs_14
D:2:      uniq_terence, uniq_jessica

Action                   || total
-------------------------++-------
Melee: Unarmed           ||    19
  Use: Scroll            ||     3
 Stab: Sleeping          ||     4
  Eat: Chunk             ||     7

Table legend:
 A = Turns spent in this place as a percentage of turns spent in the entire game.
 B = Non-inter-level travel turns spent in this place as a percentage of non-inter-level travel turns spent in the entire game.
 C = Inter-level travel turns spent in this place as a percentage of turns spent in this place.
 D = Turns resting spent in this place as a percentage of non-inter-level travel turns spent in this place.
 E = Turns spent auto-exploring this place as a percentage of non-inter-level travel turns spent in this place.
 F = Non-inter-level travel turns spent in this place divided by the number of levels of this place that you've seen.
                   A       B       C       D       E      F
               +-------+-------+-------+-------+-------+----------------------
         Total | 100.0 | 100.0 |   0.4 |   0.0 |   4.4 | 125.5
       Dungeon | 100.0 | 100.0 |   0.4 |   0.0 |   4.4 | 125.5
               +-------+-------+-------+-------+-------+----------------------

Vault maps used:
D:1:      wheals_arrival_linesprint, st_stairs_14
D:2:      uniq_terence, uniq_jessica
